 Dungeon Crawl Stone Soup version 0.29.0-4-gdea44cf6ec (webtiles) character file.

Game seed: 11918036354701273852

285 qw the Chopper (level 6, 0/35 HPs)
             Began as a Tengu Warper on Aug 28, 2022.
             Slain by an iron imp (2 damage)
             ... summoned by Eustachio
             ... on level 4 of the Dungeon.
             The game lasted 00:00:25 (4151 turns).

qw the Chopper (Tengu Warper)                       Turns: 4151, Time: 00:00:26

Health: 0/35       AC:  5    Str: 15    XL:     6   Next: 29%
Magic:  10/10      EV: 13    Int: 13    God:
Gold:   254        SH:  0    Dex: 14    Spells: 9/9 levels left

rFire   . . .      SeeInvis +   Y - +0 hand axe
rCold   . . .      Faith    .   (no shield)
rNeg    + . .      Spirit   .   h - +0 ring mail
rPois   .          Reflect  .   (helmet restricted)
rElec   .          Harm     .   (no cloak)
rCorr   .          Rampage  .   (no gloves)
Will    .....                   (boots unavailable)
Stlth   +.........              (no amulet)
HPRegen 0.11/turn               m - ring of positive energy
MPRegen 0.12/turn               b - ring "Duong" {Str+2 SInv}

@: about to teleport, flying quickly and evasively, quick
A: beak, talons 3, nimble flight
a: no special abilities


You were on level 4 of the Dungeon.
You visited 1 branch of the dungeon, and saw 4 of its levels.

You collected 254 gold pieces.


Innate Abilities, Weirdness & Mutations

You have a beak for a mouth.
You have claws for feet.
Your magical nature lets you fly swiftly and evasively.


   Skills:
 + Level 2.0 Fighting
 - Level 7.1 Axes
 - Level 1.0 Throwing
 - Level 1.1 Armour
 - Level 2.1 Dodging
 - Level 2.0 Spellcasting
 - Level 2.4 Translocations


You had 9 spell levels left.
You didn't know any spells.
Your spell library contained the following spells:

 Spells                   Type           Power      Damage    Failure   Level
 Blink                    Tloc           14%        N/A       28%         2
 Gell's Gravitas          Tloc           7%         N/A       50%         3
 Lesser Beckoning         Tloc           7%         N/A       50%         3
 Teleport Other           Tloc           7%         N/A       50%         3
 Manifold Assault         Tloc           7%         N/A       99%         5

Inventory:

Hand Weapons
 r - a +0 flail
 Y - a +0 hand axe (weapon)
Armour
 h - a +0 ring mail (worn)
 u - a +0 plate armour
Jewellery
 b - the ring "Duong" (right hand) {Str+2 SInv}
   (You acquired it on level 2 of the Dungeon)

   [ring of see invisible]

   Str:       It affects your strength (+2).
   SInv:      It lets you see invisible.
 m - a ring of positive energy (left hand)
 n - a ring of magical power
 q - a ring of fire
 t - a +6 ring of dexterity
Scrolls
 a - a scroll of identify
 g - 4 scrolls of teleportation
 l - a scroll of enchant weapon {unknown}
Potions
 c - a potion of cancellation
 d - a potion of haste {unknown}
 e - a potion of invisibility {unknown}
 f - a potion of heal wounds {unknown}
 i - a potion of mutation {unknown}
 j - a potion of degeneration {unknown}
 k - a potion of might {unknown}
 o - 3 potions of resistance {unknown}
 p - 2 potions of curing
 s - a potion of lignification {unknown}

Dungeon Overview and Level Annotations

Branches:
Dungeon (4/15)
 Temple: D:4-7

Altars:
Fedhas
Nemelex Xobeh

Shops:
D:1 (   D:3 (

Annotations:
D:4 Eustachio


Message History

You hit the iron imp but do no damage. You hit the ufetubus but do no damage.
You barely miss the bat. The bat hits you but does no damage.
Eustachio hits you with a +2 vorpal falchion!
The iron imp completely misses you.
You closely miss Eustachio. You claw Eustachio.
You peck Eustachio, but do no damage.
Eustachio is moderately wounded.
You hit the white imp but do no damage. You hit the bat but do no damage.
You hit the iron imp but do no damage. The bat misses you. The bat hits you.
Eustachio gestures wildly while chanting.
You hit Eustachio but do no damage. Your kick misses Eustachio.
Eustachio is moderately wounded.
You hit the white imp but do no damage. You hit the bat.
You kill the bat!
The bat's corpse disappears in a puff of smoke!
You hit the river rat. You hit the iron imp. The white imp gestures at you.
The puff of frost hits you. The iron imp hits you!
Eustachio mumbles some strange words.
Eustachio blinks!
The river rat bites you.
You hit the iron imp but do no damage.
The iron imp is moderately wounded.
You barely miss the bat. You closely miss the white imp.
You closely miss the ufetubus. You hit the river rat but do no damage.
The bat hits you but does no damage. The ufetubus hits you.
The ufetubus completely misses you. The white imp gestures at you.
The puff of frost misses you.
The iron imp lashes its tail.
The iron imp barely misses you. The ufetubus closely misses you.
The ufetubus hits you. The river rat bites you.
4151 ||| READING 5 scrolls of teleportation.
As you read the scroll of teleportation, it crumbles to dust.
You feel strangely unstable. The white imp gestures at you.
The puff of frost misses you. The ufetubus barely misses you.
The ufetubus closely misses you. The iron imp hits you.
You die...

##.#.# ##.#.#
._....7 ##.#.#
......7 .....####
...... ........#
..... #######.#
@..7 # #.#
77b..77 # #.#
75Jb..77
#.########@5h...#
#........r.5#####
##########..#
#..# #..# #.$#
...# ##.# .#


You could see Eustachio, a hound, an iron imp (summoned), a river rat
(summoned), a white imp (summoned), an ufetubus (summoned), an endoplasm and 2
bats.

Vanquished Creatures
  An orc priest (D:4)
  Natasha (twice) (D:3)
  An orc wizard (D:4)
  6 adders
  An ufetubus (D:3)
  5 worms
  4 dart slugs
  5 orcs
  9 ball pythons
  5 bats
  12 endoplasms
  6 giant cockroaches
  3 goblins
  7 hobgoblins
  9 jackals
  A quokka (D:3)
  3 frilled lizards
  7 kobolds
  6 rats
93 creatures vanquished.

Notes
Turn   | Place    | Note
-------+----------+-------------------------------------------
     0 | D:1      | qw the Tengu Warper began the quest for the Orb.
     0 | D:1      | Reached XP level 1. HP: 12/12 MP: 4/4
     0 | D:1      | 0 ||| qw: Version: 0.1-a-89-g26bdef1
     0 | D:1      | 0 ||| qw: Game counter: 1768
     0 | D:1      | 0 ||| qw: Always use a shield: true
     0 | D:1      | 0 ||| qw: God list: Okawaru
     0 | D:1      | 0 ||| qw: Allow faded altars: false
     0 | D:1      | 0 ||| qw: Do Orc after D:15 true
     0 | D:1      | 0 ||| qw: Do second Lair branch before Depths: true
     0 | D:1      | 0 ||| qw: Lair rune preference: random
     0 | D:1      | 0 ||| qw: Plans: Normal
     0 | D:1      | 0 ||| PLANNING D:1-11
    78 | D:1      | 78 ||| Stepping ~*~*~tactically~*~*~ (hiding).
   175 | D:1      | Reached XP level 2. HP: 17/17 MP: 6/6
   192 | D:1      | Reached skill level 3 in Axes
   288 | D:1      | You fall into a shaft and drop 1 floor!
   327 | D:2      | 327 ||| READING 2 scrolls labelled KUINNU SUUFYI.
   328 | D:2      | 328 ||| READING scroll labelled ZULUELI JIESA.
   329 | D:2      | 329 ||| READING 3 scrolls labelled XEFOLA FUEZET.
   333 | D:2      | 333 ||| DROPPING scroll of blinking.
   396 | D:2      | 396 ||| Stepping ~*~*~tactically~*~*~ (stealth).
   400 | D:2      | 400 ||| Stepping ~*~*~tactically~*~*~ (stealth).
   402 | D:2      | 402 ||| Stepping ~*~*~tactically~*~*~ (stealth).
   406 | D:2      | Reached XP level 3. HP: 21/21 MP: 7/7
   457 | D:2      | 457 ||| FLEEEEING.
   458 | D:2      | 458 ||| FLEEEEING.
   463 | D:2      | 463 ||| STAIRDANCE
   545 | D:1      | Reached skill level 4 in Axes
   725 | D:1      | Found Mijoqee's Antique Weapon Emporium.
   734 | D:1      | 734 ||| SHOPLISTING glowing demon whip (396 gold, have 51).
   774 | D:1      | 774 ||| Stepping ~*~*~tactically~*~*~ (stealth).
   857 | D:1      | 857 ||| Stepping ~*~*~tactically~*~*~ (stealth).
   977 | D:1      | Found a faded altar of an unknown god.
  1178 | D:1      | 1178 ||| READING 3 scrolls labelled GOWUOM YFUFOU.
  1179 | D:1      | 1179 ||| READING scroll labelled ESUALY QOETAI.
  1180 | D:1      | 1180 ||| READING 2 scrolls of identify.
  1180 | D:1      | 1180 ||| IDENTIFYING fuming clear potion
  1181 | D:1      | 1181 ||| DROPPING 2 scrolls of magic mapping.
  1517 | D:2      | Reached XP level 4. HP: 26/26 MP: 8/8
  1584 | D:2      | Found a sparkling altar of Nemelex Xobeh.
  1925 | D:2      | 1925 ||| Stepping ~*~*~tactically~*~*~ (hiding).
  1937 | D:2      | Reached skill level 5 in Axes
  1949 | D:2      | 1949 ||| Stepping ~*~*~tactically~*~*~ (hiding).
  2085 | D:2      | 2085 ||| DROPPING +0 mace.
  2089 | D:2      | 2089 ||| Stepping ~*~*~tactically~*~*~ (stealth).
  2238 | D:2      | 2238 ||| UPGRADING to +3 leather armour.
  2248 | D:2      | 2248 ||| DROPPING +0 leather armour.
  2249 | D:2      | 2249 ||| UPGRADING to ring of positive energy.
  2250 | D:2      | 2250 ||| READING scroll labelled NOUFEXESOG.
  2251 | D:2      | 2251 ||| READING scroll labelled ONISESM NYME.
  2251 | D:2      | Identified a scroll of acquirement
  2251 | D:2      | 2251 ||| ACQUIRING ring "Duong" {Str+2 SInv}
  2251 | D:2      | Acquired the ring "Duong" {Str+2 SInv}
  2253 | D:2      | 2253 ||| UPGRADING to ring "Duong" {Str+2 SInv}.
  2254 | D:2      | 2254 ||| DRINKING 2 silvery potions.
  2255 | D:2      | 2255 ||| DROPPING potion of attraction.
  2423 | D:3      | Gained mutation: Your magical nature lets you fly swiftly
                  | and evasively. [Tengu growth]
  2423 | D:3      | Reached XP level 5. HP: 30/30 MP: 9/9
  2461 | D:3      | Noticed Natasha
  2557 | D:3      | Killed Natasha
  2708 | D:3      | Reached skill level 6 in Axes
  2930 | D:3      | Found Codirona's Weapon Emporium.
  2963 | D:3      | 2963 ||| Stepping ~*~*~tactically~*~*~ (stealth).
  2965 | D:3      | Noticed Natasha
  2968 | D:3      | 2968 ||| Stepping ~*~*~tactically~*~*~ (stealth).
  2970 | D:3      | 2970 ||| Stepping ~*~*~tactically~*~*~ (stealth).
  2975 | D:3      | Killed Natasha
  3065 | D:3      | 3065 ||| Stepping ~*~*~tactically~*~*~ (hiding).
  3173 | D:3      | 3173 ||| Stepping ~*~*~tactically~*~*~ (hiding).
  3256 | D:3      | 3256 ||| Stepping ~*~*~tactically~*~*~ (stealth).
  3259 | D:3      | 3259 ||| Stepping ~*~*~tactically~*~*~ (stealth).
  3504 | D:3      | 3504 ||| UPGRADING to +0 ring mail.
  3514 | D:3      | 3514 ||| DROPPING +3 leather armour.
  3515 | D:3      | 3515 ||| DRINKING 3 orange potions.
  3704 | D:4      | Reached XP level 6. HP: 35/35 MP: 10/10
  3780 | D:4      | 3780 ||| Stepping ~*~*~tactically~*~*~ (hiding).
  3808 | D:4      | 3808 ||| Stepping ~*~*~tactically~*~*~ (hiding).
  3810 | D:4      | 3810 ||| Stepping ~*~*~tactically~*~*~ (hiding).
  3843 | D:4      | 3843 ||| FLEEEEING.
  3878 | D:4      | Reached skill level 7 in Axes
  4133 | D:4      | Noticed Eustachio
  4137 | D:4      | 4137 ||| Stepping ~*~*~tactically~*~*~ (stealth).
  4140 | D:4      | 4140 ||| Stepping ~*~*~tactically~*~*~ (stealth).
  4144 | D:4      | Found a blossoming altar of Fedhas.
  4150 | D:4      | HP: 7/35 [ufetubus[Eustachio] (2)]
  4150 | D:4      | HP: 2/35 [river rat[Eustachio] (5)]
  4151 | D:4      | 4151 ||| READING 5 scrolls of teleportation.
  4151 | D:4      | Slain by an iron imp

Levels and vault maps discovered:
D:1:      ncdulo_halloftheorcs, layout_basic,
          shapermc_ecumenical_altar_mp_ritualfount, serial_shops,
          nicolae_diamond_shop
D:2:      minmay_chambers_of_twos, layout_loops_ring, basic_altar,
          mrwooster_statue_mirror
D:3:      layout_loops_cross, serial_shops, nicolae_lakefront_shop,
          amcnicky_mini_pool_small, roderic_roman_lattice,
          minmay_misc_feat_alley, minmay_misc_feat_rows, uniq_natasha
D:4:      layout_loops_ring, fedhas_altar_fruit_tree, serial_shops,
          nicolae_shop_overgrown_old_shop, shop, st_stairs_12, uniq_eustachio

Skill      XL: |  1  2  3  4  5  6 |
---------------+-------------------+-----
Axes           | 3 4 5 6 7 |  7.1
Fighting       | |  2.0
Throwing       | |  1.0
Armour         | |  1.1
Dodging        | |  2.1
Spellcasting   | |  2.0
Translocations | |  2.4

Action                   |  1- 3 |  4- 6 || total
-------------------------+-------+-------++-------
Melee: Hand axe          |    77 |   140 ||   217
       Kick              |    17 |    42 ||    59
       Peck              |     9 |    15 ||    24
       Punch             |       |     1 ||     1
Throw: Boomerang         |    23 |    40 ||    63
  Use: Scroll            |     6 |     3 ||     9
       Potion            |       |     2 ||     2
 Stab: Distracted        |     1 |       ||     1
Armor: Leather armour    |    17 |    24 ||    41
       Ring mail         |       |    10 ||    10
Dodge: Dodged            |    46 |    73 ||   119

Table legend:
 A = Non-vault XP
 B = Vault XP
 C = Vault XP percentage of total XP
 D = Non-vault monster count
 E = Vault monster count
 F = Vault count percentage of total count
                 A         B        C        D         E       F
            +---------+---------+-------+---------+---------+-------
      Total |     353 |      55 |  13.5 |      84 |       9 |   9.7
            +---------+---------+-------+---------+---------+-------
        D:1 |      46 |       0 |   0.0 |      26 |       0 |   0.0
        D:2 |      72 |      19 |  20.9 |      24 |       8 |  25.0
        D:3 |     133 |      36 |  21.3 |      22 |       1 |   4.3
        D:4 |     102 |       0 |   0.0 |      12 |       0 |   0.0
            +---------+---------+-------+---------+---------+-------
